 Dungeon Crawl Stone Soup version 0.32-a0-893-gf85d74f360 (webtiles) character file.

Game seed: 7602274832994844221

12110 Doorstop00 the Cleaver (level 11, -10/101 HPs)
             Began as a Minotaur Berserker on Apr 3, 2024.
             Was a High Priest of Trog.
             Mangled by Snorg (12 damage)
             ... on level 10 of the Dungeon.
             The game lasted 00:36:31 (9697 turns).

Doorstop00 the Cleaver (Minotaur Berserker)         Turns: 9697, Time: 00:36:31

Health: -10/101    AC: 16    Str: 31    XL:     11   Next: 58%
Magic:  10/10      EV: 12    Int:  6    God:    Trog [*****.]
Gold:   604        SH:  0    Dex: 13    Spells: 10/10 levels left

rFire   + . .        F - +2 executioner's axe (heavy)
rCold   . . .        (shield currently unavailable)
rNeg    + . .        B - +0 scale mail of Wyohurr {rPois rN+ Dex+4}
rPois   +            (helmet restricted)
rElec   .            i - +2 cloak
rCorr   .            f - +0 pair of gloves
SInv    .            p - +1 pair of boots
Will    .....        (no amulet)
Stlth   +            E - +6 ring of strength
HPRegen 0.36/turn    o - ring of protection from fire
MPRegen 0.12/turn

%: no passive effects
@: no status effects
A: horns 2, retaliatory headbutt
a: Renounce Religion, Berserk, Trog's Hand, Brothers in Arms


You were on level 10 of the Dungeon.
You worshipped Trog.
Trog was extremely pleased with you.
You visited 1 branch of the dungeon, and saw 10 of its levels.
You also visited: Sewer and Bailey.

You collected 604 gold pieces.

Inventory:

Hand Weapons
 z - a +3 hand axe of electrocution
 F - a +2 heavy executioner's axe (weapon)
Armour
 f - a +0 pair of gloves (worn)
 g - +0 acid dragon scales
 i - a +2 cloak (worn)
 p - a +1 pair of boots (worn)
 x - a +0 plate armour of cold resistance
 B - the +0 scale mail of Wyohurr (worn) {rPois rN+ Dex+4}
   (You found it in a bailey)

   Dex+4:     It affects your dexterity (+4).
   rPois:     It protects you from poison.
   rN+:       It protects you from negative energy.
Jewellery
 a - a +6 ring of intelligence
 k - a +6 ring of dexterity
 o - a ring of protection from fire (right hand)
 u - a ring of poison resistance
 E - a +6 ring of strength (left hand)
 I - a ring of fire
Wands
 q - a wand of flame (16)
 v - a wand of mindburst (17)
 D - a wand of acid (7)
 J - a wand of charming (5)
Scrolls
 j - 5 scrolls of teleportation
 m - a scroll of blinking {unknown}
 r - a scroll of enchant armour {unknown}
 s - a scroll of butterflies {unknown}
 t - 2 scrolls of revelation
 w - 3 scrolls of immolation
 y - 3 scrolls of fear {unknown}
 A - 3 scrolls of poison
 K - a scroll of identify
Potions
 b - a potion of heal wounds
 c - 3 potions of invisibility
 d - a potion of lignification
 h - 2 potions of enlightenment
 l - a potion of cancellation
 n - 2 potions of brilliance
 C - 3 potions of curing
 G - a potion of attraction
 H - 2 potions of resistance
Miscellaneous
 e - a tin of tremorstones (2/2)


   Skills:
 * Level 10.5 Fighting
 * Level 14.3 Axes
 * Level 11.8 Armour
 * Level 6.8 Dodging
 + Level 1.8 Stealth
 * Level 2.3 Evocations


You had 10 spell levels left.
You didn't know any spells.
Your spell library was empty.

Dungeon Overview and Level Annotations

Branches:
Dungeon (10/15)            Temple (0/1) D:7            Lair (0/5) D:8
  Sewer (visited)          Bailey (visited)
    Orc: D:9-12

Altars:
Kikubaaqudgha
Ru
Trog
Yredelemnul
Zin

Shops:
D:7 *

Annotations:
D:5 3 runed translucent doors, Livid's ghost, amateur FoHu
D:10 Snorg


Innate Abilities, Weirdness & Mutations

You have a pair of horns on your head.
You reflexively headbutt those who attack you in melee.


Message History

Snorg claws you but does no damage.
You slice Snorg!!
Snorg is lightly wounded.
Snorg bites you. Snorg claws you. Snorg barely misses you.
Snorg closely misses you. Snorg misses you. Snorg claws you but does no damage.
Snorg bites you!! Snorg closely misses you. Snorg claws you but does no damage.
You barely miss Snorg. Your headbutt misses Snorg.
Snorg is lightly wounded.
Snorg closely misses you. You furiously retaliate!
You headbutt Snorg! Snorg claws you. Snorg claws you!
Snorg barely misses you. x2
Snorg claws you but does no damage. Snorg misses you. Snorg claws you.
Snorg closely misses you.
You closely miss Snorg. You headbutt Snorg!
Snorg is moderately wounded.
Snorg bites you but does no damage. Snorg claws you.
Snorg claws you but does no damage. Snorg bites you! Snorg barely misses you.
Snorg misses you.
You carve Snorg like a ham!!!!
Snorg is severely wounded.
Snorg barely misses you. You furiously retaliate!
You headbutt Snorg! Snorg barely misses you. Snorg closely misses you.
Snorg bites you! Snorg claws you but does no damage. Snorg closely misses you.
Snorg bites you!!
* * * LOW HITPOINT WARNING * * *
Snorg claws you!
* * * LOW HITPOINT WARNING * * *
Snorg closely misses you.
You feel much better. Snorg completely misses you. Snorg claws you. x2
* * * LOW HITPOINT WARNING * * *
Snorg closely misses you. Snorg claws you.
* * * LOW HITPOINT WARNING * * *
Snorg closely misses you. Snorg attacks as she pursues you!
Snorg bites you but does no damage. Snorg claws you but does no damage.
Snorg claws you!
* * * LOW HITPOINT WARNING * * *
Snorg closely misses you. Snorg completely misses you.
Snorg claws you but does no damage. Snorg attacks as she pursues you!
Snorg bites you!
* * * LOW HITPOINT WARNING * * *
Snorg claws you!
You die...

#..........# #..##...##.#
#..........#####..##......#
#.................##......#
#..#..............##..##..#
#..#.##...##..........##..#
#..#.##...##.###......##..#
...#.##...##.# #......##..#
##.#.##...##.# #.###..##..#
#.#.##...##.# #@# #..##..#
#...###.###.# #T# #..##..#
#...# #.# #.# #.# #..##..#
#...# #.# #.###.# #..##..#
#...# #.# #.....# #..##..#
#...#######.....# #..##..#
#...........###.###..##..#
#........#### #..........#
#........# #...T......#


You could see Snorg (berserk).

Vanquished Creatures
  A two-headed ogre (D:9)
  A deep elf zephyrmancer (Bailey)
  An orc knight (Bailey)
  A cyclops (D:7)
  An elephant (D:8)
  A komodo dragon (D:8)
  33 yaks
  3 steam dragons
  Grum (D:8)
  An acid dragon (D:10)
  Pargi (Sewer)
  4 water moccasins
  An ice beast (D:3)
  8 orc warriors
  A black bear (D:8)
  An ogre (D:5)
  4 wolves (D:8)
  3 centaurs
  A phantom (D:5)
  A brain worm (Sewer)
  3 kobold brigands
  A gnoll sergeant (D:7)
  4 bullfrogs
  4 scorpions
  6 killer bees (D:9)
  2 howler monkeys (D:10)
  3 jellies
  A gnoll bouda (D:4)
  2 hounds
  2 orc priests
  Jessica (D:2)
  Natasha (thrice) (D:2)
  2 iguanas
  9 orc wizards
  18 gnolls
  8 adders
  6 ufetubi
  2 dart slugs
  3 ribbon worms
  43 orcs
  8 ball pythons
  2 endoplasms
  A giant cockroach (D:3)
  2 hobgoblins
  18 kobolds
  3 quokkas
  2 bats
  6 frilled lizards
  7 goblins
  3 rats
244 creatures vanquished.

Vanquished Creatures (collateral kills)
  An orc (Bailey)
1 creature vanquished.

Vanquished Creatures (others)
  A goblin (D:10)
1 creature vanquished.

Grand Total: 246 creatures vanquished

Notes
Turn   | Place    | Note
-------+----------+-------------------------------------------
     0 | D:1      | Doorstop00 the Minotaur Berserker began the quest for the
                  | Orb.
     0 | D:1      | Reached XP level 1. HP: 19/19 MP: 0/0
    91 | D:1      | Found a faded altar of an unknown god.
   323 | D:1      | Reached XP level 2. HP: 23/27 MP: 1/1
   441 | D:2      | Reached skill level 4 in Axes
   468 | D:2      | Noticed Natasha
   471 | D:2      | Killed Natasha
   472 | D:2      | Reached XP level 3. HP: 33/33 MP: 2/2
   529 | D:2      | Noticed Natasha
   538 | D:2      | Killed Natasha
   555 | D:2      | Noticed Natasha
   566 | D:2      | Killed Natasha
   567 | D:2      | Reached XP level 4. HP: 31/41 MP: 3/3
   681 | D:2      | Reached ** piety under Trog
   919 | D:2      | Noticed Jessica
   924 | D:2      | Killed Jessica
   925 | D:2      | Reached skill level 5 in Fighting
  1292 | D:3      | Reached XP level 5. HP: 48/48 MP: 4/4
  1359 | D:3      | Reached skill level 5 in Axes
  1511 | D:3      | Noticed an ice beast
  1528 | D:3      | Killed an ice beast
  1529 | D:3      | Reached XP level 6. HP: 41/56 MP: 5/5
  2456 | D:4      | Reached skill level 5 in Armour
  2638 | D:4      | Reached skill level 6 in Axes
  3034 | D:5      | Entered Level 5 of the Dungeon
  3065 | D:5      | Found a basalt altar of Yredelemnul.
  3123 | D:5      | Reached XP level 7. HP: 57/61 MP: 6/6
  3217 | D:5      | Found a glowing drain.
  3228 | Sewer    | Entered a sewer
  3319 | Sewer    | Noticed Pargi
  3333 | Sewer    | Killed Pargi
  3334 | Sewer    | Reached skill level 7 in Axes
  3460 | D:5      | Reached *** piety under Trog
  3623 | D:5      | Reached XP level 8. HP: 70/70 MP: 7/7
  3728 | D:5      | Reached skill level 8 in Axes
  3762 | D:5      | Noticed Livid's ghost (amateur FoHu)
  3772 | D:5      | Found a runed translucent gate.
  3772 | D:5      | Found a runed translucent gate.
  3775 | D:5      | Found a runed translucent gate.
  3992 | D:5      | Found a glowing silver altar of Zin.
  3994 | D:5      | Found a sacrificial altar of Ru.
  4867 | D:7      | Found Qoadgh's Fire Supplies.
  4913 | D:7      | Noticed a cyclops
  4926 | D:7      | Killed a cyclops
  4927 | D:7      | Reached skill level 9 in Axes
  4927 | D:7      | Reached skill level 1 in Stealth
  5043 | D:7      | Found a staircase to the Ecumenical Temple.
  5169 | D:7      | Reached XP level 9. HP: 69/78 MP: 8/8
  5563 | D:7      | Reached **** piety under Trog
  5564 | D:7      | Reached skill level 5 in Dodging
  5734 | D:8      | Reached skill level 10 in Axes
  5811 | D:8      | Noticed Grum
  5812 | D:8      | Noticed a komodo dragon
  5841 | D:8      | Reached skill level 11 in Axes
  5854 | D:8      | Killed a komodo dragon
  5865 | D:8      | Killed Grum
  6086 | D:8      | Reached XP level 10. HP: 69/88 MP: 9/9
  6089 | D:8      | Reached skill level 12 in Axes
  6551 | D:8      | Found a staircase to the Lair.
  6551 | D:8      | Noticed an elephant
  6563 | D:8      | Killed an elephant
  6984 | D:9      | Reached skill level 10 in Armour
  7015 | D:9      | Reached skill level 13 in Axes
  7148 | D:9      | Noticed a two-headed ogre
  7160 | D:9      | Killed a two-headed ogre
  7272 | D:9      | Reached XP level 11. HP: 88/99 MP: 10/10
  7342 | D:9      | Reached skill level 1 in Evocations
  7555 | D:9      | Reached ***** piety under Trog
  7568 | D:9      | Reached skill level 10 in Fighting
  7765 | D:9      | Found a bloodstained altar of Trog.
  7781 | D:9      | Found an ancient bone altar of Kikubaaqudgha.
  8418 | D:10     | Entered Level 10 of the Dungeon
  8452 | D:10     | Received a gift from Trog
  8454 | D:10     | Found a flagged portal.
  8476 | Bailey   | Entered a bailey
  8574 | Bailey   | Noticed an orc knight
  8591 | Bailey   | Killed an orc knight
  8595 | Bailey   | Reached skill level 14 in Axes
  8635 | Bailey   | Found a large runed translucent door.
  8635 | Bailey   | Found a large runed translucent door.
  8866 | Bailey   | Noticed a deep elf zephyrmancer
  8915 | Bailey   | Killed a deep elf zephyrmancer
  8954 | Bailey   | Identified the +0 scale mail of Wyohurr {rPois rN+ Dex+4}
  9668 | D:10     | Noticed Snorg
  9697 | D:10     | HP: 2/101 [Snorg (12)]
  9697 | D:10     | Mangled by Snorg

Illustrated notes

Levels and vault maps discovered:
D:1:      matt_arrival_grand_opening, layout_rooms,
          hellmonk_ecumenical_altar_leap_of_faith
D:2:      layout_loops_ring, nrook_campfire, uniq_jessica, uniq_natasha
D:3:      layout_basic, minmay_misc_feat_ornament
D:4:      layout_rooms
D:5:      layout_loops_ring, mainiacjoe_overflow_big_doors,
          yredelemnul_altar_generic, gammafunk_ghost_nasty_kobolds,
          mainiacjoe_sewer_entry_somewhere_in_here_1
D:6:      layout_basic
D:7:      layout_loops_ring, minmay_temple_entry_crystal_x,
          nicolae_shop_fire_sale [nicolae_sub_dead_trees]
D:8:      layout_basic, grunt_lair_entry_orc_guard_hut, uniq_grum
D:9:      layout_basic, mainiacjoe_overflow_catwalk_spiral
D:10:     layout_long_grid, lightli_bailey_entry_fortress, chequers_jeans,
          uniq_snorg

Skill      XL: |  1  2  3  4  5  6  7  8  9 10 11 |
---------------+----------------------------------+-----
Axes           | 4 5 6 7 9 11 13 14 | 14.3
Fighting       | 4 5 6 8 9 10 | 10.5
Armour         | 3 4 5 6 8 9 11 | 11.8
Dodging        | 3 4 5 6 |  6.8
Stealth        | 1 |  1.8
Evocations     | 2 |  2.3

Action                     |  1- 3 |  4- 6 |  7- 9 | 10-12 || total
---------------------------+-------+-------+-------+-------++-------
  Melee: Hand axe          |    40 |   141 |   233 |   166 ||   580
         Headbutt          |     9 |    17 |    43 |    42 ||   111
         War axe           |       |       |    15 |       ||    15
         Executioner's axe |       |       |       |    71 ||    71
 Invoke: Berserk           |       |     2 |     1 |     3 ||     6
         Brothers in Arms  |       |       |       |     1 ||     1
  Evoke: Wand              |       |       |       |     2 ||     2
    Use: Scroll            |     2 |     7 |     1 |     8 ||    18
         Potion            |       |       |     1 |     2 ||     3
 Armour: Scale mail        |    30 |    97 |    91 |    80 ||   298
         Plate armour      |       |       |   120 |   202 ||   322
  Dodge: Dodged            |    21 |    65 |   133 |   173 ||   392

Table legend: (Time is in decaauts)
 A = Elapsed time spent in this place.
 B = Non-inter-level travel time spent in this place.
 C = Inter-level travel time spent in this place.
 D = Time resting spent in this place.
 E = Time spent auto-exploring this place.
 F = Levels seen in this place.
 G = Mean time per level.
                   A        B        C        D        E       F      G
               +--------+--------+--------+--------+--------+-----+--------+
         Total |   9802 |   9713 |     89 |   1090 |   6227 |  12 |  816.8 |
       Dungeon |   8975 |   8886 |     89 |    876 |   6082 |  10 |  897.5 |
         Sewer |    236 |    236 |      0 |      0 |    106 |   1 |  236.0 |
        Bailey |    590 |    590 |      0 |    214 |     38 |   1 |  590.0 |
               +--------+--------+--------+--------+--------+-----+--------+

Top non-repeatable levels by time:
     D:9: 1445 daAuts
     D:3: 1202 daAuts
     D:8: 1163 daAuts
     D:7: 985 daAuts
     D:5: 953 daAuts
     D:2: 784 daAuts
    D:10: 764 daAuts
     D:4: 673 daAuts
  Bailey: 590 daAuts
     D:6: 587 daAuts
     D:1: 414 daAuts
   Sewer: 236 daAuts
